 Dungeon Crawl Stone Soup version 0.26.1-11-gd32895ea62 (webtiles) character file.

Game seed: 18374732593297713875

2711 nothank2 the Basher (level 9, -5/51 HPs)
             Began as a Gargoyle Fighter on June 24, 2021.
             Was a Believer of Okawaru.
             Killed by divine providence
             ... invoked by an orc priest
              (12 damage)
             ... on level 7 of the Dungeon.
             The game lasted 00:12:18 (6977 turns).

nothank2 the Basher (Gargoyle Fighter)              Turns: 6977, Time: 00:12:19

Health: -5/51      AC: 20    Str: 23    XL:     9   Next: 66%
Magic:  9/9        EV:  4    Int:  9    God:    Okawaru [**....]
Gold:   397        SH:  9    Dex:  9    Spells: 8/8 levels left

rFire    . . .     SeeInvis .   a - +1 flail
rCold    . . .     Faith    .   c - +0 kite shield
rNeg     + . .     Spirit   .   o - +0 plate armour
rPois    ∞         Reflect  .   (no helmet)
rElec    +         Harm     .   (no cloak)
rCorr    +         Rampage  .   f - +1 pair of gloves
Will     .....                  (no boots)
Stlth    ..........             (no amulet)
HPRegen  0.17/turn              u - ring of resist corrosion
MPRegen  0.11/turn              (no ring)

@: no status effects
A: negative energy resistance 1, electricity resistance, unbreathing,
petrification resistance, miasma immunity, AC +6
a: Renounce Religion, Heroism


You were on level 7 of the Dungeon.
You worshipped Okawaru.
Okawaru was pleased with you.
You visited 1 branch of the dungeon, and saw 7 of its levels.

You collected 397 gold pieces.

Inventory:

Hand Weapons
 a - a +1 flail (weapon)
 e - a +1 whip of flaming
 B - a +3 vorpal dire flail
Missiles
 p - 3 javelins
 w - 31 poisoned darts (quivered)
Armour
 b - a +0 scale mail
 c - a +0 kite shield (worn)
 f - a +1 pair of gloves (worn)
 o - a +0 plate armour (worn)
 E - a +0 helmet of see invisible
Jewellery
 j - an uncursed amulet of faith
 u - a ring of resist corrosion (left hand)
 x - a +4 ring of evasion {unknown}
Wands
 s - a wand of iceblast (19)
 y - a wand of digging (4)
 D - a wand of polymorph (7)
 G - a wand of random effects (18)
Scrolls
 g - a scroll of fear {unknown}
 h - a scroll of magic mapping
 l - 2 scrolls of identify
 m - 4 scrolls of enchant armour
 q - a scroll of random uselessness
 z - 4 scrolls of remove curse
 C - a scroll of immolation {unknown}
Potions
 d - 2 potions of might
 i - 4 potions of flight
 k - a potion of resistance
 n - a potion of heal wounds {unknown}
 r - a potion of mutation {unknown}
 t - a potion of curing {unknown}
 v - a potion of cancellation {unknown}
 A - a potion of attraction {unknown}
 F - a potion of magic {unknown}
 H - a potion of lignification {unknown}


   Skills:
 - Level 3.2 Fighting
 + Level 12.7 Maces & Flails
 - Level 3.2 Armour
 - Level 3.2 Shields


You had 8 spell levels left.
You didn't know any spells.
Your spell library contained the following spells:

 Spells                   Type           Power        Failure   Level
 Magic Dart               Conj           0%           100%        1
 Searing Ray              Conj           0%           100%        2
 Dazzling Flash           Conj/Hex       0%           100%        3
 Fulminant Prism          Conj/Hex       0%           100%        4
 Iskenderun's Mystic Bla  Conj/Tloc      0%           100%        4


Dungeon Overview and Level Annotations

Branches:
Dungeon (7/15)
 Temple: D:4-7

Altars:
Okawaru
Sif Muna
Zin


Innate Abilities, Weirdness & Mutations

You are resistant to torment.
Your stone body is resilient. (AC +6)
You are immune to poison.
You resist negative energy. (rN+)
You are resistant to electric shocks. (rElec)
You can survive without breathing.
You are immune to petrification.
You are immune to miasma.


Message History

The orc priest calls down the wrath of Beogh upon you.
Beogh smites you!
An orc warrior comes into view. It is wielding a +0 short sword.
You see here a book of Conjurations.
You pick up a book of Conjurations and begin reading...
You add the spells Magic Dart, Searing Ray, Dazzling Flash, Fulminant Prism and Iskenderun's Mystic Blast to your library.
The orc warrior shouts!
The orc shouts!
An orc comes into view.
The orc priest calls down the wrath of Beogh upon you.
Beogh smites you!
The orc priest calls down the wrath of Beogh upon you.
Beogh smites you!
An orc comes into view. It is wielding a +0 club.
The orc shouts!
The orc priest calls down the wrath of Beogh upon you.
Beogh smites you!
* * * LOW HITPOINT WARNING * * *
The orc priest mumbles some strange prayers to Beogh against you.
Beogh smites you!
You die...

##.............
##.............
#.............
#.............
##.#..........
#..#....(....
##.##........
#.######..##......#
#....>.....@......#
#########..##...###
#########o## ....#
#.......o..# ##.#
#)......o......# #
#......o.......#
#........o.....#
#..............#
#...........>..#


You could see an orc warrior, an orc priest and 3 orcs.

Vanquished Creatures
  Grinder (D:5)
  3 yaks (D:6)
  Menkaure (D:4)
  Edmund (D:5)
  An ice beast (D:5)
  An orc warrior (D:7)
  3 ogres
  2 centaurs
  2 bullfrogs (D:6)
  A big kobold (D:7)
  A scorpion (D:3)
  5 wights (D:6)
  A howler monkey (D:5)
  2 centaur zombies
  A jelly (D:4)
  3 hounds
  An orc priest (D:7)
  A bullfrog skeleton (D:4)
  Ijyb (D:5)
  Terence (D:3)
  2 iguanas
  2 orc wizards (D:5)
  5 worker ants
  A hound skeleton (D:6)
  A mummy (D:5)
  Robin (D:4)
  5 adders
  2 shadow imps (D:5)
  An ufetubus (D:7)
  An ooze (D:4)
  4 worms
  A dart slug (D:2)
  7 leopard geckos
  11 orcs
  4 giant cockroaches
  14 goblins
  15 hobgoblins
  11 jackals
  12 kobolds
  3 quokkas
  4 ball pythons
  7 bats
  7 frilled lizards
  A leopard gecko skeleton (D:5)
  4 orc zombies (D:5)
  A quokka skeleton (D:6)
  6 rats
166 creatures vanquished.

Notes
Turn   | Place    | Note
-------+----------+-------------------------------------------
     0 | D:1      | nothank2 the Gargoyle Fighter began the quest for the Orb.
     0 | D:1      | Reached XP level 1. HP: 14/14 MP: 1/1
   190 | D:1      | Reached XP level 2. HP: 19/19 MP: 2/2
   573 | D:1      | Reached skill level 3 in Maces & Flails
  1266 | D:2      | Reached XP level 3. HP: 23/23 MP: 3/3
  1559 | D:2      | Reached skill level 4 in Maces & Flails
  1706 | D:2      | Reached XP level 4. HP: 28/28 MP: 4/4
  2454 | D:3      | Reached skill level 5 in Maces & Flails
  2475 | D:3      | Reached XP level 5. HP: 32/32 MP: 5/5
  2477 | D:3      | Noticed Terence
  2484 | D:3      | Killed Terence
  2509 | D:3      | Reached skill level 6 in Maces & Flails
  2509 | D:3      | Reached XP level 6. HP: 36/37 MP: 6/6
  2971 | D:4      | Noticed Robin
  3002 | D:4      | Killed Robin
  3089 | D:4      | Found a shimmering blue altar of Sif Muna.
  3184 | D:4      | Reached skill level 7 in Maces & Flails
  3426 | D:4      | Reached XP level 7. HP: 34/41 MP: 7/7
  3709 | D:4      | Noticed Menkaure
  3722 | D:4      | Killed Menkaure
  4055 | D:5      | Entered Level 5 of the Dungeon
  4126 | D:5      | Reached skill level 8 in Maces & Flails
  4364 | D:5      | Found an iron altar of Okawaru.
  4367 | D:5      | Noticed Grinder
  4368 | D:5      | Found a glowing silver altar of Zin.
  4375 | D:5      | Paralysed by Grinder for 3 turns
  4393 | D:5      | Killed Grinder
  4394 | D:5      | Reached skill level 9 in Maces & Flails
  4394 | D:5      | Reached XP level 8. HP: 45/46 MP: 8/8
  4413 | D:5      | Noticed Ijyb
  4422 | D:5      | Killed Ijyb
  4558 | D:5      | Noticed Edmund
  4566 | D:5      | Became a worshipper of Warmaster Okawaru
  4577 | D:5      | Killed Edmund
  4578 | D:5      | Reached skill level 10 in Maces & Flails
  5024 | D:6      | Noticed a yak
  5025 | D:6      | Noticed a yak
  5027 | D:6      | Noticed a yak
  5045 | D:6      | Killed a yak
  5045 | D:6      | Reached * piety under Okawaru
  5046 | D:6      | Killed a yak
  5047 | D:6      | Reached skill level 11 in Maces & Flails
  5047 | D:6      | Reached XP level 9. HP: 36/51 MP: 9/9
  5284 | D:6      | Reached ** piety under Okawaru
  5670 | D:6      | Reached skill level 12 in Maces & Flails
  6977 | D:7      | Killed from afar by an orc priest

Illustrated notes

Levels and vault maps discovered:
D:1:      psy_arrival_heroes, layout_basic
D:2:      layout_loops_ring, guppyfry_early_orc_mine
D:3:      layout_rooms, uniq_terence
D:4:      layout_cave_pods, led_sif_book, uniq_robin, uniq_menkaure
D:5:      layout_basic, grunt_temple_overflow_open, minmay_mini_ossuary,
          uniq_grinder, uniq_ijyb, uniq_edmund
D:6:      layout_loops_ring
D:7:      layout_basic, temple_hall

Skill      XL: |  1  2  3  4  5  6  7  8  9 |
---------------+----------------------------+-----
Maces & Flails | 3 4 5 6 7 9 11 12 | 12.7
Fighting       | |  3.2
Armour         | |  3.2
Shields        | |  3.2

Action                   |  1- 3 |  4- 6 |  7- 9 || total
-------------------------+-------+-------+-------++-------
Melee: Flail             |   133 |   259 |   345 ||   737
Throw: Dart              |       |       |     5 ||     5
  Use: Scroll            |       |       |     8 ||     8
Armor: Scale mail        |    44 |       |       ||    44
       Plate armour      |    32 |   224 |   223 ||   479
Dodge: Dodged            |    35 |    63 |    56 ||   154
Block: Kite shield       |    50 |   134 |   144 ||   328
